 Dungeon Crawl Stone Soup version 0.18.1-48-g4cf74bf (webtiles) character file.

151 Gargoyl the Skirmisher (level 5, -5/42 HPs)
             Began as a Demonspawn Abyssal Knight on Sept 8, 2016.
             Was a Priest of Lugonu.
             Slain by a gnoll
             ... wielding a +0 halberd
              (12 damage)
             ... on level 3 of the Dungeon.
             The game lasted 00:04:18 (2546 turns).

Gargoyl the Skirmisher (Demonspawn Abyssal Knight)  Turns: 2546, Time: 00:04:18

Health: -5/42      AC: 10    Str: 14    XL:     5   Next: 11%
Magic:  7/7        EV:  6    Int: 13    God:    Lugonu [***...]
Gold:   68         SH:  0    Dex: 14    Spells: 0 memorised, 4 levels left

rFire  . . .     SeeInvis .     t - +0 war axe
rCold  . . .     Gourm    +     q - +0 chain mail
rNeg   . . .     Faith    .     (no shield)
rPois  .         Spirit   .     (no helmet)
rElec  .         Dismiss  .     (no cloak)
rCorr  .         Reflect  .     (no gloves)
SustAt .         Harm     .     p - +0 pair of boots
MR     .....                    m - amulet of the gourmand
Stlth  ..........               (no ring)
                                (no ring)

@: not resistant to hostile enchantments, extremely unstealthy
A: talons 1, thin skeletal structure 1
a: Depart the Abyss, Bend Space, Banish, Renounce Religion


You were on level 3 of the Dungeon.
You worshipped Lugonu.
Lugonu was most pleased with you.
You were very full.

You visited 1 branch of the dungeon, and saw 3 of its levels.
You visited the Abyss 1 time.

You collected 68 gold pieces.

Inventory:

Hand Weapons
 a - a +1 spear of venom
 t - a +0 war axe (weapon)
Armour
 p - a +0 pair of boots (worn)
 q - a +0 chain mail (worn)
Jewellery
 m - an amulet of the gourmand (around neck)
Scrolls
 g - 4 scrolls of identify {unknown}
 i - 3 scrolls of remove curse {unknown}
 j - a scroll of recharging {unknown}
 k - a scroll of enchant armour {unknown}
 n - a scroll of noise {unknown}
 r - a scroll of immolation {unknown}
Potions
 b - a potion of brilliance {unknown}
 e - a potion of heal wounds {unknown}
 f - a potion of agility {unknown}
 h - 2 potions of cancellation {unknown}
 l - a potion of cure mutation {unknown}
 o - a potion of berserk rage {unknown}
Comestibles
 c - 3 bread rations
 d - a meat ration
 s - a royal jelly
 u - 6 chunks of flesh


   Skills:
 + Level 3.7 Fighting
 + Level 2.5 Axes
 * Level 3.3 Armour
 + Level 1.6 Dodging
 + Level 0.6 Stealth
 + Level 2.7 Invocations


You had 4 spell levels left.
You didn't know any spells.

Dungeon Overview and Level Annotations

Branches:
Dungeon (2/15)

Altars:


Innate Abilities, Weirdness & Mutations

You have sharp toenails.
You have a somewhat thin skeletal structure (Dex +2, Stealth).


Message History

You open the door.
A hobgoblin, 6 gnolls and 2 kobolds come into view.
The gnoll shouts! x3; The kobold shouts!
The gnoll shouts! x3
The kobold shouts!
The hobgoblin shouts!
The gnoll barely misses you. The gnoll hits you but does no damage.
Found 102 gold pieces.
You hit the gnoll but do no damage. The gnoll hits you with a flail.
The gnoll hits you but does no damage.
The gnoll hits you from afar with a halberd.
You barely miss the gnoll.
The gnoll hits you from afar with a spear.
The gnoll hits you with a flail!
* * * LOW HITPOINT WARNING * * *
The gnoll hits you from afar with a halberd.
* * * LOW HITPOINT WARNING * * *
Unknown command.
Your chain mail prevents you from hitting the gnoll.
The gnoll hits you but does no damage.
The gnoll hits you from afar with a halberd!
You die...

##### #...########
#### #...#......##
##...
#..)#.......###....
##)##........#.....
#)).........#.....
#...........'.(...
#@g...(.....#.....
#'##........#.$...
ggg#....(..###.(..
#gKg#..(...## ##...
#$Kg######## ####
#####


You could see 6 gnolls, a hobgoblin and 2 kobolds.

Vanquished Creatures
  3 gnolls (D:3)
  2 adders
  2 worms (D:2)
  A dart slug (D:1)
  2 giant geckos
  A giant cockroach (D:2)
  27 goblins
  16 hobgoblins
  4 jackals
  7 kobolds
  A quokka (D:2)
  7 bats
  4 giant newts
  4 rats
81 creatures vanquished.

Notes
Turn   | Place    | Note
--------------------------------------------------------------
     0 | Abyss:1  | Gargoyl the Demonspawn Abyssal Knight began the quest for the Orb.
     0 | Abyss:1  | Reached XP level 1. HP: 18/18 MP: 2/2
     7 | Abyss:1  | Found a corrupted altar of Lugonu.
    99 | Abyss:2  | Found a corrupted altar of Lugonu.
   141 | Abyss:2  | Noticed a thrashing horror
   142 | D:1      | Escaped the Abyss
   360 | D:1      | Gained mutation: You have a somewhat thin skeletal structure (Dex +2, Stealth). [demonic ancestry]
   360 | D:1      | Reached XP level 2. HP: 18/24 MP: 3/3
   370 | D:1      | Reached * piety under Lugonu
   785 | D:1      | Reached skill level 1 in Dodging
   880 | D:1      | Gained mutation: You have sharp toenails. [demonic ancestry]
   880 | D:1      | Reached XP level 3. HP: 29/29 MP: 5/5
  2085 | D:2      | You fall through a shaft!
  2092 | D:3      | Reached ** piety under Lugonu
  2092 | D:3      | Reached XP level 4. HP: 33/35 MP: 6/6
  2518 | D:3      | Reached XP level 5. HP: 42/42 MP: 7/7
  2533 | D:3      | Reached *** piety under Lugonu
  2546 | D:3      | Slain by a gnoll

Skill      XL: |  1  2  3  4 |
---------------+-------------+-----
Armour         | 2 3 |  3.3
Dodging        | 1 |  1.6
Axes           | 2 |  2.5
Fighting       | |  3.7
Stealth        | |  0.6
Invocations    | |  2.7

Action                   |  1- 3 |  4- 6 || total
-------------------------+-------+-------++-------
Melee: Hand axe          |   158 |       ||   158
       War axe           |    10 |    72 ||    82
       Kick              |     7 |       ||     7
Invok: Depart the Abyss  |     1 |       ||     1
  Eat: Chunk             |    14 |     5 ||    19
Armor: Scale mail        |    77 |       ||    77
       Chain mail        |    26 |    89 ||   115
Dodge: Dodged            |    94 |    41 ||   135
